 Dungeon Crawl Stone Soup version 0.27.1-15-g792fb953b9 (webtiles) character file.

Game seed: 12378277627055422694

1417 MisterFreud the Nimble (level 8, 0/57 HPs)
             Began as a Felid Berserker on Nov 18, 2021.
             Was an Elder of Trog.
             Slain by Harold (17 damage)
             ... on level 8 of the Dungeon.
             The game lasted 00:08:55 (9127 turns).

MisterFreud the Nimble (Felid Berserker)            Turns: 9127, Time: 00:08:55

Health: 0/57       AC:  2    Str: 13    XL:     8   Next: 43%
Magic:  9/9        EV: 25    Int:  9    God:    Trog [****..]
Gold:   404        SH:  5    Dex: 18    Spells: 7/7 levels left
                                        Lives:  0   Deaths: 2

rFire    . . .     SeeInvis +     - Unarmed
rCold    . . .     Faith    .   (shield unavailable)
rNeg     . . .     Spirit   .   (armour unavailable)
rPois    .         Reflect  +   (helmet unavailable)
rElec    .         Harm     .   (cloak unavailable)
rCorr    .         Rampage  .   (gloves unavailable)
Will     +++..                  (boots unavailable)
Stlth    ..........             e - amulet of reflection
HPRegen  0.19/turn              g - ring of willpower
MPRegen  0.11/turn              h - ring of willpower

@: berserking, very quick
A: very small, claws 1, fangs 3, see invisible, speed 1, shaggy fur 2, stealthy
paws, no weapons or thrown items, no armour, multi-lived
a: Renounce Religion, Berserk, Trog's Hand, Brothers in Arms


You were on level 8 of the Dungeon.
You worshipped Trog.
Trog was greatly pleased with you.
You visited 1 branch of the dungeon, and saw 8 of its levels.

You collected 404 gold pieces.

Inventory:

Jewellery
 d - a ring of flight
 e - an amulet of reflection (around neck)
 g - a ring of willpower (left paw)
 h - a ring of willpower (right paw)
 u - a ring of positive energy
Scrolls
 a - 4 scrolls of teleportation
 f - a scroll of amnesia {unknown}
 i - a scroll of fog {unknown}
 k - 2 scrolls of enchant weapon {unknown}
 l - a scroll of brand weapon {unknown}
 m - a scroll of blinking {unknown}
 s - a scroll of magic mapping {unknown}
 x - 3 scrolls of identify
Potions
 b - 3 potions of heal wounds
 c - 2 potions of curing
 j - a potion of resistance
 n - 2 potions of haste {unknown}
 o - a potion of magic {unknown}
 p - 2 potions of brilliance
 q - a potion of ambrosia {unknown}
 r - 3 potions of flight {unknown}
 t - 2 potions of degeneration {unknown}
 v - a potion of cancellation {unknown}
 w - 2 potions of berserk rage {unknown}


   Skills:
 - Level 6.0 Fighting
 + Level 11.6 Dodging
 + Level 9.3 Stealth
 + Level 7.9 Unarmed Combat


You had 7 spell levels left.
You didn't know any spells.
Your spell library was empty.

Dungeon Overview and Level Annotations

Branches:
Dungeon (8/15)             Temple (0/1) D:7
   Lair: D:8-11

Altars:
Cheibriados
Elyvilon
Hepliaklqana
Kikubaaqudgha
Nemelex Xobeh
Okawaru
Sif Muna
Vehumet
Wu Jian
Zin

Shops:
D:2 (   D:6 :

Annotations:
D:5 3 runed translucent doors, PanSaczeczos's ghost, amateur MfDe; zurenarrh's ghost, novice OgHu
D:6 exclusion: statue
D:7 3 runed translucent doors, raph's ghost, novice DEVM
D:8 exclusion: downstairs, Harold


Innate Abilities, Weirdness & Mutations

You have sharp claws.
You have razor-sharp teeth.
You have supernaturally acute eyesight. (SInv)
You cover ground quickly. (Speed+)
You are covered in thick fur. (AC +2)
Your paws help you pounce on unaware monsters.
You are incapable of wielding weapons or throwing items.
You cannot wear armour.
You gain extra lives every three experience levels.


Message History

You claw the yak! You bite the yak, but do no damage.
The yak is almost dead.
You block the yak's attack.
You scratch the yak.
You kill the yak!
Trog accepts your kill.
You see here a yak corpse.
You see here a yak corpse.
You start waiting.
Done waiting.
There is a stone staircase leading down, spattered with blood here.
You climb downwards.
Level annotation: exclusion: downstairs, Harold
There is a stone staircase leading up, spattered with blood here.
The gnoll completely misses you.
Harold shouts!
You scratch the gnoll but do no damage. Your bite misses the gnoll.
Harold fires a harpoon shot at you. The harpoon shot hits you!
You are yanked forward by the harpoon shot.
The gnoll sergeant misses you.
You scratch Harold but do no damage. Harold completely misses you.
A red film seems to cover your vision as you go berserk!
You feel yourself moving faster!
You feel mighty! The gnoll sergeant closely misses you.
Harold hits you with a +2 glaive of freezing!
Harold freezes you. The gnoll completely misses you.
You claw Harold!
Harold is lightly wounded.
The gnoll sergeant barely misses you. The gnoll misses you.
You scratch Harold.
Harold is moderately wounded.
Harold misses you. You block the gnoll's attack.
The gnoll sergeant barely misses you.
The gnoll hits you from afar with a +0 spear.
* * * LOW HITPOINT WARNING * * *
You scratch Harold. You bite Harold, but do no damage.
Harold is moderately wounded.
Harold hits you with a +2 glaive of freezing!
You die...

#####.........#.## ###
#................## ##.#
..................####..# #
........<...........#...#####
..........................#..
..)..................##......
..........g..........#####.##
.............g.......# ###
..........g.@........#
.............@.......#
....................#
############.################
......@)..Y..#..........'....
+##..........#..........#....
####.......##.[#####..#..#.
..Y# ...###......#...#
#.†#)[#. ...#
.Fg..##.(...#...## #..#..#.


You could see Harold, a gnoll sergeant and 2 gnolls.

Vanquished Creatures
  Grinder (D:4)
  2 wraiths (D:8)
  2 yaks (D:7)
  A wyvern (D:8)
  A steam dragon (D:7)
  A vampire mosquito (D:8)
  An acid dragon (D:8)
  2 water moccasins
  3 ice beasts
  A necrophage (D:4)
  7 centaurs
  2 kobold brigands
  2 bullfrogs
  A water moccasin skeleton (D:5)
  A killer bee (D:8)
  A wight (D:8)
  A howler monkey (D:8)
  2 centaur zombies
  A jelly (D:6)
  2 bullfrog zombies
  2 hounds
  An orc priest (D:8)
  2 bullfrog skeletons (D:6)
  An iguana (D:5)
  2 orc wizards
  A hound skeleton (D:5)
  3 howler monkey skeletons
  6 adders
  2 shadow imps
  2 white imps
  A worm (D:2)
  3 dart slugs
  19 orcs
  7 ball pythons
  11 bats
  2 endoplasms
  3 giant cockroaches
  7 goblins
  7 hobgoblins
  4 jackals (D:3)
  8 kobolds
  5 quokkas
  4 frilled lizards
  5 rats
143 creatures vanquished.

Vanquished Creatures (others)
  A plant (D:7)
  4 withered plants (D:5)
5 creatures vanquished.

Grand Total: 148 creatures vanquished

Notes
Turn   | Place    | Note
-------+----------+-------------------------------------------
     0 | D:1      | MisterFreud the Felid Berserker began the quest for the
                  | Orb.
     0 | D:1      | Reached XP level 1. HP: 10/10 MP: 2/2
    49 | D:1      | Reached skill level 1 in Stealth
   229 | D:1      | Reached XP level 2. HP: 14/14 MP: 3/3
  1046 | D:1      | Found a faded altar of an unknown god.
  1613 | D:2      | Reached XP level 3. HP: 17/17 MP: 4/4
  1644 | D:2      | Found Nonefa Zod's Antique Weapon Boutique.
  1917 | D:2      | Reached ** piety under Trog
  2451 | D:3      | You fall into a shaft and drop 2 floors!
  2451 | D:5      | Entered Level 5 of the Dungeon
  2455 | D:5      | Reached XP level 4. HP: 21/21 MP: 5/5
  2737 | D:4      | Noticed a necrophage
  2745 | D:4      | Killed a necrophage
  2746 | D:4      | Reached skill level 5 in Stealth
  2746 | D:4      | Reached XP level 5. HP: 24/24 MP: 6/6
  2846 | D:4      | Found a hazy altar of Hepliaklqana.
  2862 | D:3      | Found a glowing silver altar of Zin.
  2876 | D:4      | Found an iron altar of Okawaru.
  3533 | D:3      | Reached skill level 5 in Unarmed Combat
  3616 | D:3      | Reached *** piety under Trog
  3958 | D:4      | Found an ornate altar of the Wu Jian Council.
  3972 | D:4      | Found a white marble altar of Elyvilon.
  4032 | D:4      | Noticed Grinder
  4053 | D:4      | Killed Grinder
  4054 | D:4      | Reached skill level 5 in Dodging
  4054 | D:4      | Gained mutation: You are covered in thick fur. (AC +2)
                  | [Felid growth]
  4054 | D:4      | Reached XP level 6. HP: 28/28 MP: 7/7
  4407 | D:4      | Identified the +5 tower shield of Imperfection {*Corrode
                  | rElec Stlth+}
  4596 | D:5      | Found a runed translucent gate.
  4596 | D:5      | Found a runed translucent gate.
  4596 | D:5      | Found a runed translucent gate.
  4600 | D:5      | Noticed PanSaczeczos's ghost (amateur MfDe)
  4600 | D:5      | Noticed zurenarrh's ghost (novice OgHu)
  4679 | D:5      | Reached XP level 7. HP: 31/31 MP: 8/8
  4856 | D:5      | Reached skill level 6 in Dodging
  5174 | D:5      | Reached skill level 7 in Dodging
  5474 | D:6      | Found Dizux's Book Shoppe.
  5561 | D:6      | Reached skill level 8 in Dodging
  5833 | D:6      | Reached skill level 9 in Dodging
  5934 | D:6      | Found a radiant altar of Vehumet.
  5978 | D:6      | Reached XP level 8. HP: 34/34 MP: 9/9
  6257 | D:7      | Found a snail-covered altar of Cheibriados.
  6267 | D:7      | Reached skill level 10 in Dodging
  6650 | D:7      | Found a sparkling altar of Nemelex Xobeh.
  6681 | D:7      | Found a staircase to the Ecumenical Temple.
  6728 | D:7      | Reached skill level 5 in Fighting
  6733 | D:7      | Reached **** piety under Trog
  6829 | D:7      | Found a runed translucent gate.
  6830 | D:7      | Found a runed translucent gate.
  6830 | D:7      | Found a runed translucent gate.
  7016 | D:7      | Noticed raph's ghost (novice DEVM)
  7321 | D:8      | Noticed Harold
  7330 | D:8      | HP: 1/57 [Harold (16)]
  7330 | D:8      | Slain by Harold
  7331 | D:8      | Reached XP level 7. HP: -2/51 MP: 8/8
  7354 | D:8      | Noticed a wyvern
  7375 | D:8      | Killed a wyvern
  7376 | D:8      | Reached XP level 8. HP: 35/38 MP: 9/9
  8114 | D:8      | Found a shimmering blue altar of Sif Muna.
  8143 | D:8      | Found an ancient bone altar of Kikubaaqudgha.
  8435 | D:8      | Reached skill level 11 in Dodging
  8473 | D:8      | Reached XP level 9. HP: 16/41 MP: 10/10
  8967 | D:7      | Slain by a yak
  8968 | D:7      | Reached XP level 8. HP: -2/38 MP: 9/9
  9127 | D:8      | Slain by Harold

Illustrated notes

Levels and vault maps discovered:
D:1:      dpeg_arrival_houses_and_road, layout_basic,
          shapermc_ecumenical_altar_ellora, minmay_pentomino_p2
D:2:      layout_loops_ring, serial_shops, nicolae_shop_crystal,
          chequers_decorated_corner
D:3:      layout_loops_ring, nicolae_overflow_hidden_temple, grunt_ministairs_9,
          grunt_decor_resistance
D:4:      layout_loops_corners, mainiacjoe_overflow_cross_hatched,
          nicolae_wu_jian_glorious_leap, mainiacjoe_overflow_tiny_flanked,
          lemuel_tele_altar, uniq_grinder
D:5:      layout_basic, gammafunk_ghost_cemetery
D:6:      layout_rooms, vehumet_statue, serial_shops, shop_fountains,
          lemuel_another_geyser
D:7:      layout_cave_pools, lemuel_round_altar, kennysheep_slug_shrine,
          minmay_temple_entry_gardened_gates, gammafunk_ghost_necromancy
D:8:      minmay_quarter_circles, layout_layer_cave, led_sif_book,
          amcnicky_altar_gilded, uniq_harold

Skill      XL: |  1  2  3  4  5  6  7  8  9 |
---------------+----------------------------+-----
Stealth        | 1 2 3 5 6 8 9 |  9.3
Unarmed Combat | 4 6 7 |  7.9
Dodging        | 5 9 11 | 11.6
Fighting       | 6 |  6.0

Action                   |  1- 3 |  4- 6 |  7- 9 || total
-------------------------+-------+-------+-------++-------
Melee: Unarmed           |   114 |   100 |   249 ||   463
       Bite              |     6 |     8 |    22 ||    36
       Punch             |     1 |     2 |    12 ||    15
Invok: Berserk           |     2 |     3 |    17 ||    22
       Trog's Hand       |       |     1 |     3 ||     4
  Use: Scroll            |       |       |     5 ||     5
 Stab: Sleeping          |    10 |     9 |     9 ||    28
Armor: Skin              |     8 |     3 |    19 ||    30
Dodge: Dodged            |    97 |    67 |   248 ||   412
Block: Other             |       |       |    48 ||    48
       Reflection        |       |       |     1 ||     1
